 Dungeon Crawl Stone Soup version 0.28-a0-722-gc0678643b6 (webtiles) character file.

Game seed: 5470148495548797699

2411 RinnBerevan the Chopper (level 9, 0/79 HPs)
             Began as a Hill Orc Fighter on Oct 18, 2021.
             Was an Initiate of Hepliaklqana.
             Slain by Maggie (4 damage)
             ... on level 7 of the Dungeon on Oct 25, 2021.
             The game lasted 00:19:56 (6809 turns).

RinnBerevan the Chopper (Hill Orc Fighter)          Turns: 6809, Time: 00:19:57

Health: 0/79       AC: 13    Str: 22    XL:     9   Next: 47%
Magic:  14/14      EV:  9    Int:  8    God:    Hepliaklqana [......]
Gold:   265        SH: 10    Dex: 10    Spells: 8/8 levels left

rFire   + . .      SeeInvis .   a - +0 war axe
rCold   . . .      Faith    .   c - +0 buckler
rNeg    + . .      Spirit   .   j - +4 scale mail {rF+}
rPois   .          Reflect  +   (no helmet)
rElec   .          Harm     .   f - +0 cloak {rCorr}
rCorr   +          Rampage  .   (no gloves)
Will    .....                   (no boots)
Stlth   ..........              i - amulet of reflection
HPRegen 0.23/turn               B - ring of positive energy
MPRegen 0.14/turn               (no ring)

@: mesmerised
A: no striking features
a: Renounce Religion


You were on level 7 of the Dungeon.
You worshipped Hepliaklqana.
Hepliaklqana was noncommittal.
You visited 1 branch of the dungeon, and saw 7 of its levels.
You also visited: Ossuary.

You collected 265 gold pieces.

Inventory:

Hand Weapons
 a - a +0 war axe (weapon)
Armour
 c - a +0 buckler (worn)
 f - a +0 cloak of preservation (worn)
 j - a +4 scale mail of fire resistance (worn)
Jewellery
 b - a ring of magical power
 i - an amulet of reflection (around neck)
 l - a ring of resist corrosion
 v - a ring of magical power
 B - a ring of positive energy (left hand)
 D - a ring of positive energy
 H - a ring of positive energy
Wands
 k - a wand of flame (9) (quivered)
Scrolls
 g - a scroll of enchant weapon {unknown}
 h - 4 scrolls of teleportation
 m - 2 scrolls of fear {unknown}
 n - a scroll of magic mapping {unknown}
 t - a scroll of immolation {unknown}
 u - 2 scrolls of blinking {unknown}
 y - a scroll of silence {unknown}
 z - 2 scrolls of noise {unknown}
 C - 2 scrolls of amnesia {unknown}
 E - 2 scrolls of identify
 G - a scroll of enchant armour {unknown}
 I - a scroll of acquirement {unknown}
Potions
 e - a potion of attraction {unknown}
 o - a potion of berserk rage
 p - 2 potions of heal wounds {unknown}
 q - a potion of haste {unknown}
 r - 2 potions of curing
 s - a potion of might
 w - a potion of lignification {unknown}
 x - a potion of brilliance {unknown}
 A - a potion of cancellation {unknown}
 F - a potion of mutation {unknown}


   Skills:
 + Level 7.6 Fighting
 + Level 7.7 Axes
 + Level 6.9 Armour
 + Level 7.0 Shields
 + Level 7.0 Invocations


You had 8 spell levels left.
You didn't know any spells.
Your spell library contained the following spells:

 Spells                   Type           Power      Damage    Failure   Level
 Corpse Rot               Necr/Air       0%         N/A       83%         2
 Ozocubu's Armour         Ice            0%         N/A       97%         3
 Dispel Undead            Necr           0%         3d6       100%        4
 Metabolic Englaciation   Hex/Ice        0%         N/A       100%        5
 Death Channel            Necr           0%         N/A       100%        6
 Simulacrum               Ice/Necr       0%         N/A       100%        6


Dungeon Overview and Level Annotations

Branches:
Dungeon (7/15)             Temple (0/1) D:4         Ossuary (visited)

Altars:
Dithmenos
Hepliaklqana
Okawaru
Vehumet
The Shining One

Shops:
D:2 (   D:6 =

Annotations:
D:7 Maggie


Message History

You block Maggie's attack.
You closely miss Maggie.
Maggie is moderately wounded.
Maggie closely misses you.
You hit Maggie but do no damage.
Maggie is moderately wounded.
You block Maggie's attack. Maggie hits you but does no damage.
You hit Maggie but do no damage.
Maggie is moderately wounded.
Maggie points at you and mumbles some strange words.
The bolt of fire hits you! You resist.
You hit Maggie.
Maggie is moderately wounded.
Maggie mumbles some strange words.
Maggie draws you further into her thrall.
You slash Maggie!
Maggie is heavily wounded.
Maggie says, "Fear not.
I will immortalize you in the tale of my first kill."
Maggie hits you with a +2 vorpal long sword!
You closely miss Maggie.
Maggie is heavily wounded.
Maggie mumbles some strange words.
Maggie draws you further into her thrall.
You slash Maggie!
Maggie is severely wounded.
Maggie practices a pose.
Maggie gestures at you while chanting. The bolt of fire hits you! You resist.
You hit Maggie.
Maggie is severely wounded.
Maggie hits you with a +2 vorpal long sword!
* * * LOW HITPOINT WARNING * * *
x2 Maggie hits you with a +2 vorpal long sword.
* * * LOW HITPOINT WARNING * * *
x2 It was a potion of berserk rage.
You are too mesmerised to rage.
You block Maggie's attack.
You feel better.
Maggie hits you with a +2 vorpal long sword!
* * * LOW HITPOINT WARNING * * *
You die...

#########.#####.#.###
#.#####.#.###
#.#.....#....
#.#.#########
#.......# #...###O#
#.....#.#
#######.....#.#
#.@@O.........#####
#.#######.#####♣.♣≈
#. #.....÷.#♣...♣ ##
#.#..##.'.._.8 #
#..####♣...♣ #.##
#♣.♣≈ #. #### #. ##


You could see Maggie (mesmerising) and an ogre.

Vanquished Creatures
  A hornet (D:7)
  Sigmund (D:4)
  An acid dragon (D:6)
  Duvessa (D:6)
  A black bear (D:4)
  An ice beast (D:6)
  An ogre (D:7)
  A bullfrog (D:7)
  The ghost of Zero the Sneak, an amateur SpEn (D:3)
  12 scorpions
  Dowan (D:6)
  A howler monkey (D:7)
  A centaur zombie (Ossuary)
  3 bullfrog zombies
  A hound (D:6)
  A human zombie (Ossuary)
  A centaur skeleton (D:5)
  A gnoll shaman (D:6)
  Ijyb (D:3)
  5 iguanas
  A scorpion zombie (Ossuary)
  Natasha (thrice) (D:4)
  3 mummies (Ossuary)
  4 gnolls (D:6)
  2 adders
  An adder skeleton (D:4)
  3 worms
  4 dart slugs
  3 orcs
  3 bats
  7 endoplasms
  2 giant cockroaches
  A gnoll zombie (Ossuary)
  11 goblins
  11 hobgoblins
  4 jackals (D:2)
  7 kobolds
  A quokka (D:3)
  5 ball pythons
  3 frilled lizards
  2 goblin zombies (Ossuary)
  A hobgoblin zombie (Ossuary)
  3 kobold zombies (Ossuary)
  4 orc zombies (Ossuary)
  6 rats
132 creatures vanquished.

Vanquished Creatures (others)
  8 plants (D:7)
  2 withered plants (D:3)
10 creatures vanquished.

Grand Total: 142 creatures vanquished

Notes
Turn   | Place    | Note
-------+----------+-------------------------------------------
     0 | D:1      | RinnBerevan the Hill Orc Fighter began the quest for the
                  | Orb.
     0 | D:1      | Reached XP level 1. HP: 19/19 MP: 1/1
   253 | D:1      | Found a faded altar of an unknown god.
   290 | D:1      | Reached XP level 2. HP: 27/27 MP: 2/2
   587 | D:1      | Reached skill level 1 in Invocations
  1057 | D:1      | Reached XP level 3. HP: 33/33 MP: 3/3
  1349 | D:2      | Found a radiant altar of Vehumet.
  1545 | D:2      | Found Tiaxzof's Antique Weapon Shop.
  2064 | D:2      | Reached XP level 4. HP: 40/40 MP: 5/5
  2253 | D:3      | Found a runed translucent door.
  2258 | D:3      | Noticed Zero's ghost (amateur SpEn)
  2674 | D:3      | Found a glowing golden altar of the Shining One.
  2768 | D:3      | Noticed Ijyb
  2787 | D:3      | Killed Ijyb
  2788 | D:3      | Reached XP level 5. HP: 23/47 MP: 6/6
  3122 | D:3      | Killed Zero's ghost
  3251 | D:4      | Reached XP level 6. HP: 53/53 MP: 8/8
  3311 | D:4      | Noticed Natasha
  3312 | D:4      | Found a staircase to the Ecumenical Temple.
  3317 | D:4      | Killed Natasha
  3342 | D:4      | Noticed Sigmund
  3342 | D:4      | Noticed Natasha
  3345 | D:4      | Noticed a black bear
  3351 | D:4      | Killed Sigmund
  3352 | D:4      | Reached skill level 5 in Fighting
  3357 | D:4      | Killed a black bear
  3358 | D:4      | Reached XP level 7. HP: 44/61 MP: 9/9
  3361 | D:4      | Killed Natasha
  3362 | D:4      | Reached skill level 5 in Axes
  3362 | D:4      | Upgraded the game from 0.28-a0-677-g3278d6a771 to
                  | 0.28-a0-722-gc0678643b6
  3374 | D:4      | Reached skill level 5 in Shields
  3600 | D:4      | Noticed Natasha
  3718 | D:4      | Killed Natasha
  3719 | D:4      | Reached skill level 5 in Armour
  3818 | D:5      | Entered Level 5 of the Dungeon
  4073 | D:5      | Found a shadowy altar of Dithmenos.
  4073 | D:5      | Found an iron altar of Okawaru.
  4719 | D:6      | Found a sand-covered staircase.
  4735 | Ossuary  | Entered an ossuary
  4792 | Ossuary  | Reached XP level 8. HP: 64/70 MP: 11/11
  4831 | Ossuary  | Reached skill level 5 in Invocations
  5502 | D:6      | Found a radiant altar of Vehumet.
  5620 | D:6      | Reached XP level 9. HP: 24/79 MP: 13/13
  6018 | D:6      | Noticed Dowan
  6020 | D:6      | Noticed Duvessa
  6020 | D:6      | Killed Dowan
  6025 | D:6      | Killed Duvessa
  6290 | D:6      | Found Dicalyih's Jewellery Boutique.
  6529 | D:7      | Found a hazy altar of Hepliaklqana.
  6537 | D:7      | Became a worshipper of Hepliaklqana the Forgotten
  6600 | D:7      | Noticed a hornet
  6607 | D:7      | Killed a hornet
  6783 | D:7      | Noticed Maggie
  6809 | D:7      | Slain by Maggie

Illustrated notes

Levels and vault maps discovered:
D:1:      minmay_arrival_four_houses, layout_loops_corners,
          shapermc_ecumenical_altar_mp_highgroup, minmay_quantized
D:2:      layout_basic, basic_altar, serial_shops, shop,
          minmay_misc_feat_encased, minmay_3d_cube
D:3:      layout_loops_ring, nicolae_tso_carved_into_rock,
          gammafunk_ghost_grave, uniq_ijyb
D:4:      layout_gridville, minmay_temple_entry_statues_pillars,
          minmay_surrounded, uniq_natasha, uniq_sigmund
D:5:      layout_cave_pods, chequers_temple_overflow_statue_of_worship
D:6:      layout_loops_ring, mainiacjoe_overflow_concentric_impassable,
          enter_ossuary_1, serial_shops, nicolae_stop_n_shop_2, uniq_duvessa
D:7:      layout_basic, worldfamousw_hep_ancestral_shrine, minivault_4,
          chequers_big_river, lightli_church_of_beogh, uniq_maggie

Skill      XL: |  1  2  3  4  5  6  7  8  9 |
---------------+----------------------------+-----
Axes           | 3 4 5 7 |  7.7
Invocations    | 1 2 3 4 6 7 |  7.0
Fighting       | 4 5 6 7 |  7.6
Shields        | 4 5 6 7 |  7.0
Armour         | 4 5 6 |  6.9

Action                   |  1- 3 |  4- 6 |  7- 9 || total
-------------------------+-------+-------+-------++-------
Melee: War axe           |   105 |   112 |   227 ||   444
Evoke: Wand              |       |       |    10 ||    10
  Use: Potion            |     1 |     1 |     2 ||     4
       Scroll            |       |       |     3 ||     3
Armor: Scale mail        |    50 |    34 |    93 ||   177
       Chain mail        |     1 |    27 |       ||    28
Dodge: Dodged            |    58 |    51 |    76 ||   185
Block: Buckler           |    21 |    32 |   103 ||   156
       Reflection        |       |     1 |     1 ||     2

Table legend: (Time is in decaauts)
 A = Elapsed time spent in this place.
 B = Non-inter-level travel time spent in this place.
 C = Inter-level travel time spent in this place.
 D = Time resting spent in this place.
 E = Time spent auto-exploring this place.
 F = Levels seen in this place.
 G = Mean time per level.
                   A        B        C        D        E       F      G
               +--------+--------+--------+--------+--------+-----+--------+
         Total |   6942 |   6595 |    347 |   1079 |   4062 |   8 |  867.8 |
       Dungeon |   6170 |   5823 |    347 |    667 |   4033 |   7 |  881.4 |
       Ossuary |    772 |    772 |      0 |    412 |     29 |   1 |  772.0 |
               +--------+--------+--------+--------+--------+-----+--------+

Top non-repeatable levels by time:
     D:1: 1212 daAuts
     D:3: 1081 daAuts
     D:2: 990 daAuts
     D:6: 909 daAuts
     D:5: 906 daAuts
 Ossuary: 772 daAuts
     D:4: 630 daAuts
     D:7: 439 daAuts
